 Dungeon Crawl Stone Soup version 0.24.0-13-gcf9b319 (webtiles) character file.

Game seed: 6932182123104351642, levelgen mode: deterministic

268 Bronimir the Firebug (level 6, -10/47 HPs)
             Began as a Hill Orc Fire Elementalist on Apr 19, 2020.
             Mangled by an ogre
             ... wielding a +0 giant spiked club
              (17 damage)
             ... on level 3 of the Dungeon.
             The game lasted 00:12:37 (5409 turns).

Bronimir the Firebug (Hill Orc Fire Elementalist)   Turns: 5409, Time: 00:12:38

Health: -10/47     AC:  7    Str: 13    XL:     6   Next: 21%
Magic:  8/9        EV: 11    Int: 15    God:
Gold:   216        SH:  0    Dex: 14    Spells: 3/9 levels left

rFire    . . .     SeeInvis .   a - +1 broad axe
rCold    . . .     Gourm    .   (no shield)
rNeg     . . .     Faith    .   d - +1 ring mail
rPois    +         Spirit   .   (no helmet)
rElec    .         Reflect  .   (no cloak)
rCorr    +         Harm     .   m - +0 pair of gloves
MR       .....                  (no boots)
Stlth    +.........             (no amulet)
HPRegen  0.15/turn              g - ring of resist corrosion
MPRegen  0.11/turn              y - ring of the Vanishing Nights {*Drain rPois Dex+3}

@: no status effects
A: no striking features
a: no special abilities


You were on level 3 of the Dungeon.
You were not hungry.

You visited 1 branch of the dungeon, and saw 4 of its levels.

You collected 216 gold pieces.

Inventory:

Hand Weapons
 a - a +1 broad axe (weapon)
 b - a +0 hunting sling
 h - a +0 club
 v - a +0 spear
 C - a +0 hand axe
Missiles
 e - 166 stones (quivered)
 r - 36 sling bullets
 s - 83 bolts
 u - 42 arrows
Armour
 d - a +1 ring mail (worn)
 m - a +0 pair of gloves (worn)
Jewellery
 g - a ring of resist corrosion (left hand)
 j - an uncursed amulet of harm {unknown}
 y - the ring of the Vanishing Nights (right hand) {*Drain rPois Dex+3}
   (You found it on level 4 of the Dungeon)

   [ring of poison resistance]

   It affects your dexterity (+3).
   It protects you from poison.
   It causes draining when unequipped.
Wands
 w - a wand of random effects (11)
Scrolls
 f - 4 scrolls of teleportation
 l - a scroll of remove curse
 B - 4 scrolls of identify
Potions
 i - a potion of curing {unknown}
 k - 2 potions of haste
 n - 2 potions of flight {unknown}
 t - a potion of agility
 x - a potion of brilliance {unknown}
 A - a potion of mutation {unknown}
Comestibles
 c - 5 rations


   Skills:
 * Level 1.6 Fighting
 * Level 1.5(2.0) Axes
 + Level 0.2(0.8) Maces & Flails
 + Level 1.1(1.4) Polearms
 * Level 3.6 Armour
 + Level 1.8 Dodging
 - Level 1.5 Stealth
 * Level 2.3 Spellcasting
 + Level 1.5 Conjurations
 * Level 4.4 Fire Magic
 + Level 0.2 Evocations


You had 3 spell levels left.
You knew the following spells:

 Your Spells              Type           Power        Failure   Level  Hunger
a - Flame Tongue          Conj/Fire      ##...        13%         1    #......
b - Throw Flame           Conj/Fire      ##....       19%         2    ###....
c - Conjure Flame         Conj/Fire      ##......     36%         3    ###....

Your spell library contained the following spells:

 Spells                   Type           Power        Failure   Level  Hunger
 Inner Flame              Hex/Fire       #.......     47%         3    ###....
 Sticky Flame             Conj/Fire      ##......     77%         4    #####..
 Fireball                 Conj/Fire      ##........   98%         5    ######.


Dungeon Overview and Level Annotations

Branches:
Dungeon (4/15)
 Temple: D:4-7

Altars:
Ashenzari
Xom


Message History

Press: ? - help, Shift-Dir - straight line, f/p - ogre
Aim: an ogre, wielding a +0 giant spiked club (lightly wounded)
The flame tongue misses the ogre.
Casting: Flame Tongue (safe; 13% risk of failure)
Confirm with . or Enter, or press ? or * to list all spells.
Aiming: Flame Tongue (safe; 13% risk of failure)
Press: ? - help, Shift-Dir - straight line, f/p - ogre
Aim: an ogre, wielding a +0 giant spiked club (lightly wounded)
The flame tongue hits the ogre!
The ogre is heavily wounded.
The ogre hits you with a +0 giant spiked club!
There is a stone staircase leading up here.
The ogre hits you with a +0 giant spiked club!!
* * * LOW HITPOINT WARNING * * *
You climb upwards.
There is a stone staircase leading down here.
As you read the scroll of fog, it crumbles to dust.
The scroll dissolves into smoke.
The ogre hits you with a +0 giant spiked club!
You die...

##### ###
######.#.####.#
#..÷........§§#
#.###########§#
#.# #...[..§O@#
#.# #.#########
####.# #.#
.....# #.#
###### #># ###
#.# #.###.# #
#.....#
########## #
#.#####
#######.........


You could see an ogre.

Vanquished Creatures
  Blork the orc (D:4)
  A bullfrog (D:4)
  An orc priest (D:3)
  A worker ant (D:4)
  An adder (D:3)
  3 worms
  2 dart slugs (D:2)
  5 orcs
  A giant cockroach (D:1)
  9 hobgoblins
  3 kobolds (D:2)
  2 quokkas (D:3)
  2 ball pythons (D:3)
  10 bats
  4 frilled lizards
  4 goblins (D:2)
  13 rats
63 creatures vanquished.

Notes
Turn   | Place    | Note
-------+----------+-------------------------------------------
     0 | D:1      | Bronimir the Hill Orc Fire Elementalist began the quest for
                  | the Orb.
     0 | D:1      | Reached XP level 1. HP: 14/14 MP: 3/3
   453 | D:1      | Reached XP level 2. HP: 22/22 MP: 4/4
  1068 | D:2      | Found a shimmering altar of Xom.
  1124 | D:2      | Reached XP level 3. HP: 24/27 MP: 0/5
  1133 | D:2      | Learned a level 2 spell: Throw Flame
  1299 | D:2      | Reached skill level 1 in Armour
  1616 | D:2      | Reached skill level 1 in Polearms
  1624 | D:2      | Reached skill level 4 in Fire Magic
  2296 | D:3      | Reached XP level 4. HP: 34/34 MP: 2/7
  2348 | D:3      | Noticed an orc warrior
  3602 | D:3      | Reached skill level 1 in Fighting
  4380 | D:2      | Learned a level 3 spell: Conjure Flame
  4841 | D:4      | Noticed a bullfrog
  4846 | D:4      | Killed a bullfrog
  4846 | D:4      | Reached skill level 1 in Axes
  4846 | D:4      | Reached XP level 5. HP: 34/40 MP: 3/8
  4908 | D:4      | Got a slimy jade ring
  4959 | D:4      | Identified the ring of the Vanishing Nights {*Drain rPois
                  | Dex+3} (You found it on level 4 of the Dungeon)
  5093 | D:4      | Found a shattered altar of Ashenzari.
  5104 | D:4      | Noticed Blork the orc
  5115 | D:4      | Killed Blork the orc
  5115 | D:4      | Reached XP level 6. HP: 31/47 MP: 1/9
  5409 | D:3      | Mangled by an ogre

Levels and vault maps discovered:
D:1:      dpeg_arrival_three_same_balls, layout_loops_ring,
          minmay_misc_feat_columns, minmay_misc_feat_pillars,
          minmay_rat_gold_closets
D:2:      layout_loops_corners, nicolae_overflow_crystal_walls
D:3:      layout_basic, first_ration, chequers_serial_rivers_small_3,
          interstate_on_off
D:4:      layout_basic, kennysheep_mini, ashenzari_altar_1,
          kennysheep_windowed_goal, uniq_blork_the_orc

Skill      XL: |  1  2  3  4  5 |
---------------+----------------+-----
Armour         | 1 2 3 |  3.6
Polearms       | 1 |  1.1
Fire Magic     | 4 |  4.4
Spellcasting   | 2 |  2.3
Fighting       | 1 |  1.6
Axes           | 1 |  1.5
Maces & Flails | |  0.2
Dodging        | |  1.8
Stealth        | |  1.5
Conjurations   | |  1.5
Evocations     | |  0.2

Action                   |  1- 3 |  4- 6 || total
-------------------------+-------+-------++-------
Melee: Club              |     5 |       ||     5
       Spear             |    61 |       ||    61
       Hand axe          |       |    30 ||    30
       Broad axe         |       |    11 ||    11
 Cast: Flame Tongue      |    45 |    34 ||    79
       Throw Flame       |       |     4 ||     4
Evoke: Wand              |       |     3 ||     3
  Use: Scroll            |       |     8 ||     8
 Stab: Sleeping          |    11 |       ||    11
  Eat: Chunk             |     5 |     4 ||     9
       Ration            |       |     2 ||     2
Armor: Leather armour    |    17 |    12 ||    29
       Ring mail         |       |    12 ||    12
Dodge: Dodged            |    32 |    40 ||    72
